 Dungeon Crawl Stone Soup version 0.25-a0-731-g0472a16d6a (webtiles) character file.

Game seed: 6738549371505218239, levelgen mode: deterministic

1386 Lavandula the Carver (level 8, 0/63 HPs)
             Began as a Yellow Draconian Chaos Knight on Apr 8, 2020.
             Was a Plaything of Xom.
             Succumbed to a reaper's poison
             ... on level 6 of the Dungeon.
             The game lasted 00:18:41 (4543 turns).

Lavandula the Carver (DrCK)                         Turns: 4543, Time: 00:18:41

Health: 0/63       AC:  9    Str: 12 (15) XL:     8   Next: 40%
Magic:  8/8        EV: 12    Int:  9 (12) God:    Xom [..*...]
Gold:   275        SH:  0    Dex: 12 (13) Spells: 7/7 levels left

rFire    + . .     SeeInvis .   a - +0 falchion (chaos)
rCold    + . .     Gourm    .   (no shield)
rNeg     . . .     Faith    .   (armour unavailable)
rPois    +         Spirit   .   (helmet restricted)
rElec    +         Reflect  .   (no cloak)
rCorr    +         Harm     .   (no gloves)
MR       .....                  d - +2 pair of boots
Stlth    +.........             (no amulet)
HPRegen  0.20/turn              (no ring)
MPRegen  0.11/turn              (no ring)

@: lethally poisoned (0 -> -3), resistant
A: spit acid, unfitting armour, cold-blooded, acid resistance, AC +6
a: Breathe Acid, Renounce Religion


You were on level 6 of the Dungeon.
You worshipped Xom.
You were a toy of Xom.
You were hungry.

You visited 2 branches of the dungeon, and saw 7 of its levels.

You collected 275 gold pieces.

Inventory:

Hand Weapons
 a - a +0 falchion of chaos (weapon)
Missiles
 g - a throwing net (quivered)
Armour
 d - a +2 pair of boots (worn)
 e - a +0 buckler
 r - a +0 scale mail
Wands
 h - a wand of iceblast (6)
 j - a wand of random effects (12)
Scrolls
 c - a scroll of holy word
 f - a scroll of fog
 i - a scroll of amnesia
 l - 3 scrolls of remove curse
 n - a scroll of enchant armour
 o - a scroll of immolation
Comestibles
 b - 10 rations


   Skills:
 - Level 3.2 Fighting
 + Level 10.7 Long Blades
 - Level 2.1 Dodging


You had 7 spell levels left.
You didn't know any spells.
Your spell library was empty.

Dungeon Overview and Level Annotations

Branches:
Dungeon (6/15)             Temple (1/1) D:4

Altars:
Xom

Annotations:
D:4 exclusion: ogre
Temple Edmund


Innate Abilities, Weirdness & Mutations

You can spit globs of acid.
Your golden yellow scales are hard. (AC +6)
You cannot fit into any form of body armour.
You are cold-blooded and may be slowed by cold attacks.
You are resistant to acid. (rCorr)


Message History

There is a stone staircase leading down here.
* * * LOW HITPOINT WARNING * * *
You feel sick.
You climb downwards.
* * * LOW HITPOINT WARNING * * *
You feel sick.
There is a stone staircase leading up here.
Unknown command.
Okay, then.
Okay, then.
An adder comes into view.
* * * LOW HITPOINT WARNING * * *
You feel sick.
* * * LOW HITPOINT WARNING * * *
You feel sick.
* * * LOW HITPOINT WARNING * * *
You feel sick.
There is a lethal amount of poison in your body!
You die...
Xom snickers!

####
#<.#
##@#
#.#
#.#
#.#
..#
...#
....#
#.....
..S.##


There were no monsters in sight!

Vanquished Creatures
  Pikel (D:4)
  Eustachio (D:4)
  A slave (D:4)
  A phantom (D:4)
  A centaur (D:5)
  4 howler monkeys
  A bullfrog zombie (D:5)
  A jelly (D:5)
  3 orc priests
  A hound (D:4)
  An iguana (D:4)
  A bullfrog skeleton (D:5)
  Jessica (D:3)
  3 worker ants
  2 hound skeletons (D:5)
  A river rat (D:1)
  6 adders
  An adder zombie (D:5)
  2 adder skeletons (D:4)
  A worm (D:2)
  2 dart slugs
  A leopard gecko (D:1)
  14 orcs
  4 bats
  5 giant cockroaches
  6 goblins
  7 hobgoblins
  14 jackals
  2 quokkas
  3 frilled lizards
  7 kobolds
  7 rats
106 creatures vanquished.

Vanquished Creatures (others)
  2 slaves (D:4)
  An orc (D:4)
3 creatures vanquished.

Grand Total: 109 creatures vanquished

Notes
Turn   | Place    | Note
-------+----------+-------------------------------------------
     0 | D:1      | Lavandula the Draconian Chaos Knight began the quest for
                  | the Orb.
     0 | D:1      | Reached XP level 1. HP: 19/19 MP: 1/1
   346 | D:1      | Reached XP level 2. HP: 26/26 MP: 2/2
   418 | D:1      | XOM: silly message
   448 | D:1      | XOM: cloud trail
   543 | D:1      | Reached skill level 4 in Long Blades
   557 | D:1      | XOM: polymorph jackal -> river rat
   559 | D:1      | Reached XP level 3. HP: 24/31 MP: 3/3
   620 | D:2      | XOM: scenery: create altars
   717 | D:2      | XOM: 2-stop teleportation journey
   943 | D:2      | Reached XP level 4. HP: 14/38 MP: 4/4
   954 | D:2      | XOM: harmless Tloc miscast
  1322 | D:2      | Reached skill level 5 in Long Blades
  1736 | D:4      | XOM: god gift: scroll labeled WUSAM VENYFIQU {god gift}
  1838 | D:4      | Reached XP level 5. HP: 33/45 MP: 5/5
  1854 | D:4      | XOM: polymorph iguana -> hound
  1867 | D:4      | Reached skill level 6 in Long Blades
  1889 | D:4      | Noticed a slave
  1890 | D:4      | Noticed a slave
  1890 | D:4      | Noticed a slave
  1891 | D:4      | Noticed a slave
  1932 | D:4      | XOM: noise
  1938 | D:4      | XOM: destruction
  1949 | D:4      | XOM: scenery: create altars
  1966 | D:4      | Killed a slave
  1967 | D:4      | XOM: summons 1 friendly demon
  1978 | D:4      | HP: 1/45 [slave[Pikel] (8)]
  2191 | D:4      | Noticed Edmund
  2285 | D:4      | Found a staircase to the Ecumenical Temple.
  2288 | D:4      | XOM: divination: detect items
  2290 | D:4      | XOM: divination: detect items
  2294 | Temple   | Entered the Ecumenical Temple
  2294 | Temple   | XOM: divination: detect items
  2404 | D:4      | Noticed an ogre
  2549 | D:4      | Noticed Pikel
  2560 | D:4      | XOM: potion effect (heal wounds)
  2562 | D:4      | XOM: confuse monster(s)
  2576 | D:4      | XOM: potion effect (stabbing)
  2579 | D:4      | XOM: potion effect (might)
  2584 | D:4      | XOM: potion effect (curing)
  2594 | D:4      | Killed Pikel
  2594 | D:4      | Reached skill level 8 in Long Blades
  2594 | D:4      | Reached XP level 6. HP: 19/51 MP: 6/6
  2594 | D:4      | Your scales start taking on a golden yellow colour.
  2594 | D:4      | Reached XP level 7. HP: 21/57 MP: 7/7
  2594 | D:4      | Gained mutation: You are resistant to acid. (rCorr) [Yellow
                  | Draconian growth]
  2859 | D:4      | Noticed Eustachio
  2895 | D:4      | Killed Eustachio
  2895 | D:4      | Reached skill level 9 in Long Blades
  2900 | D:4      | XOM: divination: detect creatures
  2937 | D:4      | XOM: harmless Conj miscast
  3190 | D:5      | Entered Level 5 of the Dungeon
  3281 | D:3      | Noticed Jessica
  3291 | D:3      | Killed Jessica
  3322 | D:3      | XOM: harmless Necr miscast
  3345 | D:3      | XOM: silly message
  3657 | D:3      | XOM: harmless Fire miscast
  3790 | D:4      | Reached XP level 8. HP: 44/63 MP: 8/8
  3978 | D:5      | XOM: harmless Hex miscast
  4005 | D:5      | Reached skill level 10 in Long Blades
  4380 | D:5      | XOM: divination: detect creatures
  4509 | D:5      | XOM: severe Necr miscast
  4510 | D:5      | Noticed a reaper
  4515 | D:5      | Xom revived you
  4536 | D:6      | HP: 3/63 [poisoned by a reaper]
  4539 | D:6      | HP: 1/63 [poisoned by a reaper]
  4543 | D:6      | Succumbed to a reaper's poison

Levels and vault maps discovered:
D:1:      scummos_arrival_gate, layout_basic
D:2:      layout_basic, kennysheep_generic_room_8
D:3:      layout_loops_corners, uniq_jessica
D:4:      cheibrodos_pilgrimage, layout_cave_pods, minitemple,
          minmay_temple_entry_antechambers, uniq_eustachio, uniq_pikel,
          uniq_edmund
D:5:      layout_loops_corners, amethyst_overflow_temple_binary, first_ration,
          uniq_crazy_yiuf_cottage
D:6:      layout_basic, minmay_alternating_orb, uniq_grinder
Temple:   regret_index_temple_sphere_string

Skill      XL: |  1  2  3  4  5  6  7  8 |
---------------+-------------------------+-----
Long Blades    | 4 5 8 9 10 | 10.7
Fighting       | |  3.2
Dodging        | |  2.1

Action                   |  1- 3 |  4- 6 |  7- 9 || total
-------------------------+-------+-------+-------++-------
Melee: Falchion          |   153 |   137 |   208 ||   498
       Tailslap          |     9 |    12 |    30 ||    51
 Abil: Breathe Acid      |       |       |     6 ||     6
Evoke: Wand              |       |     3 |     3 ||     6
  Use: Scroll            |     3 |     4 |     6 ||    13
       Potion            |       |     4 |     6 ||    10
 Stab: Sleeping          |     1 |       |     1 ||     2
       Distracted        |       |       |     1 ||     1
       Paralysed         |       |       |     2 ||     2
  Eat: Chunk             |       |     6 |     7 ||    13
Armor: Skin              |    43 |    44 |    49 ||   136
Dodge: Dodged            |   111 |    78 |   140 ||   329
       Rpst.: Falchion   |    33 |    22 |    37 ||    92

Table legend:
 A = Non-vault XP
 B = Vault XP
 C = Vault XP percentage of total XP
 D = Non-vault monster count
 E = Vault monster count
 F = Vault count percentage of total count
                 A         B        C        D         E       F
            +---------+---------+-------+---------+---------+-------
      Total |    1107 |     873 |  44.1 |      98 |       8 |   7.5
            +---------+---------+-------+---------+---------+-------
        D:1 |      45 |       0 |   0.0 |      20 |       0 |   0.0
        D:2 |      67 |       0 |   0.0 |      22 |       0 |   0.0
        D:3 |      92 |      37 |  28.7 |      16 |       1 |   5.9
        D:4 |     392 |     836 |  68.1 |      17 |       7 |  29.2
        D:5 |     511 |       0 |   0.0 |      23 |       0 |   0.0
            +---------+---------+-------+---------+---------+-------
